 Dungeon Crawl Stone Soup version 0.28.0 (webtiles) character file.

Game seed: 6651646126591259739

364 Minsecho the Chopper (level 6, -9/53 HPs)
             Began as a Hill Orc Fighter on Feb 9, 2022.
             Was a Believer of Trog.
             Mangled by an ogre (20 damage)
             ... on level 4 of the Dungeon.
             The game lasted 00:06:06 (3029 turns).

Minsecho the Chopper (Hill Orc Fighter)             Turns: 3029, Time: 00:06:06

Health: -9/53      AC: 11    Str: 21    XL:     6   Next: 67%
Magic:  6/6        EV:  9    Int:  8    God:    Trog [**....]
Gold:   117        SH:  4    Dex:  8    Spells: 5/5 levels left

rFire   . . .      SeeInvis .   a - +0 war axe
rCold   . . .      Faith    .   c - +0 buckler
rNeg    . . .      Spirit   .   b - +0 scale mail
rPois   +          Reflect  .   m - +2 helmet "Maakafro" {rElec rPois rCorr Dex-2}
rElec   +          Harm     .   j - +0 cloak
rCorr   +          Rampage  .   (no gloves)
Will    .....                   (no boots)
Stlth   ..........              (no amulet)
HPRegen 0.17/turn               (no ring)
MPRegen 0.10/turn               (no ring)

@: no status effects
A: no striking features
a: Renounce Religion, Berserk, Trog's Hand


You were on level 4 of the Dungeon.
You worshipped Trog.
Trog was pleased with you.
You visited 1 branch of the dungeon, and saw 4 of its levels.

You collected 117 gold pieces.

Inventory:

Hand Weapons
 a - a +0 war axe (weapon)
Armour
 b - a +0 scale mail (worn)
 c - a +0 buckler (worn)
 j - a +0 cloak (worn)
 m - the +2 helmet "Maakafro" (worn) {rElec rPois rCorr Dex-2}
   (You took it off Robin on level 2 of the Dungeon)

   Dex:       It affects your dexterity (-2).
   rElec:     It insulates you from electricity.
   rPois:     It protects you from poison.
   rCorr:     It protects you from acid and corrosion.
 t - a scarf of harm
Jewellery
 k - a ring of ice
Wands
 p - a wand of polymorph (11)
Scrolls
 e - 3 scrolls of teleportation {unknown}
 g - a scroll of vulnerability {unknown}
 h - 3 scrolls of blinking {unknown}
 i - a scroll of torment {unknown}
 l - 2 scrolls of magic mapping {unknown}
 q - 2 scrolls of identify {unknown}
 v - a scroll of brand weapon {unknown}
Potions
 d - a potion of might
 f - a potion of ambrosia {unknown}
 n - 2 potions of mutation {unknown}
 o - a potion of curing {unknown}
 r - a potion of haste {unknown}
 s - a potion of degeneration {unknown}
 u - a potion of resistance {unknown}


   Skills:
 + Level 4.6 Fighting
 + Level 5.8 Axes
 + Level 4.7 Armour
 + Level 1.0 Dodging
 + Level 0.1 Stealth
 + Level 4.5 Shields


You had 5 spell levels left.
You didn't know any spells.
Your spell library contained the following spells:

 Spells                   Type           Power      Damage    Failure   Level
 Sandblast                Erth           0%         2d4       83%         1
 Call Canine Familiar     Summ           0%         N/A       99%         3
 Portal Projectile        Hex/Tloc       0%         N/A       99%         3
 Leda's Liquefaction      Hex/Erth       0%         N/A       100%        4


Dungeon Overview and Level Annotations

Branches:
Dungeon (4/15)
 Temple: D:4-7

Altars:
Trog


Message History

You start resting.
An endoplasm comes into view.
An endoplasm is nearby!
The endoplasm quivers.
You slash the endoplasm!
You kill the endoplasm!
Trog accepts your kill.
No target in view!
No target in view!
No target in view!
HP restored.
v - a scroll labelled BIHOURCHAFUW An ogre comes into view.
It is wielding a +0 giant spiked club.
Found a scroll labelled POLUSE HULAGG.
The ogre shouts!
An ogre is nearby!
Found 18 gold pieces.
You hit the ogre.
The ogre is lightly wounded.
The ogre closely misses you.
You hit the ogre but do no damage.
The ogre is lightly wounded.
The ogre hits you with a +0 giant spiked club!!
You slash the ogre!
The ogre is heavily wounded.
The ogre closely misses you.
You barely miss the ogre.
The ogre is heavily wounded.
The ogre barely misses you.
You barely miss the ogre.
The ogre is heavily wounded.
The ogre barely misses you.
You closely miss the ogre.
The ogre is heavily wounded.
The ogre hits you with a +0 giant spiked club!
* * * LOW HITPOINT WARNING * * *
You barely miss the ogre.
The ogre is heavily wounded.
The ogre hits you with a +0 giant spiked club!!
You die...

...............
.$..............
..?..............
..................
...................
................... .
..........O....... #.
#........@........
.##.##........#####....
.................(....#
......................#
.........)............#
.......................
......................#
...........###.............
..........## ##...........#


You could see an ogre.

Vanquished Creatures
  A sky beast (D:3)
  An ogre (D:4)
  An orc priest (D:4)
  Robin (D:2)
  4 gnolls (D:4)
  An adder (D:2)
  A worm (D:2)
  2 dart slugs
  2 orcs (D:4)
  7 ball pythons
  9 endoplasms
  4 giant cockroaches
  15 goblins
  10 hobgoblins
  5 kobolds
  A quokka (D:1)
  3 bats (D:1)
  4 frilled lizards (D:2)
  8 rats
80 creatures vanquished.

Notes
Turn   | Place    | Note
-------+----------+-------------------------------------------
     0 | D:1      | Minsecho the Hill Orc Fighter began the quest for the Orb.
     0 | D:1      | Reached XP level 1. HP: 19/19 MP: 1/1
   136 | D:1      | Reached skill level 3 in Axes
   136 | D:1      | Reached XP level 2. HP: 23/27 MP: 2/2
   356 | D:1      | Reached XP level 3. HP: 33/33 MP: 3/3
   558 | D:1      | Found a faded altar of an unknown god.
   567 | D:1      | Got Plato's Incunabulum of the Mountains
   598 | D:1      | Prayed at the altar of an unknown god.
   598 | D:1      | Became a worshipper of Trog the Wrathful
   598 | D:1      | Reached * piety under Trog
  1105 | D:2      | Reached skill level 4 in Axes
  1107 | D:2      | Identified the +2 helmet "Maakafro" {rElec rPois rCorr
                  | Dex-2}
  1107 | D:2      | Noticed Robin
  1110 | D:2      | Reached XP level 4. HP: 30/40 MP: 4/4
  1116 | D:2      | Killed Robin
  1337 | D:2      | Reached ** piety under Trog
  2376 | D:3      | Noticed a sky beast
  2440 | D:3      | Killed a sky beast
  2441 | D:3      | Reached skill level 5 in Axes
  2441 | D:3      | Reached XP level 5. HP: 46/46 MP: 5/5
  2792 | D:4      | Reached XP level 6. HP: 47/52 MP: 6/6
  2914 | D:4      | Reached skill level 1 in Dodging
  3029 | D:4      | Mangled by an ogre

Illustrated notes

Levels and vault maps discovered:
D:1:      giann_bridges, layout_basic, shapermc_ecumenical_altar_rom_forum,
          chequers_garden
D:2:      layout_basic, serial_co_window_serial, co_window_paths_a,
          co_window_paths_a, co_window_paths_a, co_window_paths_b,
          co_window_corner_a, co_window_broadway_b, co_window_corner_ca,
          co_window_corner_b, co_window_corner_b, co_window_broadway_b,
          co_window_4corner_a, co_window_paths_d, glass_columns_b,
          glass_columns_a, minmay_misc_feat_more_columns, minivault_24,
          small_statue_intersection, uniq_robin
D:3:      layout_basic
D:4:      layout_basic, good_gods_mini_temple, nicolae_dithmenos_shadow_blocks,
          grunt_ministairs_11

Skill      XL: |  1  2  3  4  5  6 |
---------------+-------------------+-----
Axes           | 3 4 5 |  5.8
Shields        | 4 |  4.5
Armour         | 4 |  4.7
Fighting       | 4 |  4.6
Dodging        | 1 |  1.0
Stealth        | |  0.1

Action                   |  1- 3 |  4- 6 || total
-------------------------+-------+-------++-------
Melee: War axe           |    79 |   121 ||   200
Invok: Berserk           |       |     1 ||     1
Armor: Scale mail        |    35 |    46 ||    81
Dodge: Dodged            |    38 |    57 ||    95
Block: Buckler           |    21 |    29 ||    50
